 Dungeon Crawl Stone Soup version 0.25.0-26-g0c896c7088 (webtiles) character file.

Game seed: 6066456308963786846

49 lepoulpe303 the Vexing (level 3, -1/24 HPs)
             Began as a Spriggan Enchanter on July 3, 2020.
             Was an Initiate of Ashenzari.
             Succumbed to a gnoll's poison
             ... on level 3 of the Dungeon.
             The game lasted 00:07:24 (2099 turns).

lepoulpe303 the Vexing (Spriggan Enchanter)         Turns: 2099, Time: 00:07:25

Health: -1/24      AC: 21    Str:  4    XL:     3   Next: 53%
Magic:  9/9        EV:  4    Int: 17    God:    Ashenzari [......]
Gold:   90         SH:  0    Dex: 16    Spells: 1/10 levels left

rFire    . . .     SeeInvis +   a - +2 dagger
rCold    . . .     Gourm    .   (shield restricted)
rNeg     + + +     Faith    .   (armour currently unavailable)
rPois    +         Spirit   .   (helmet currently unavailable)
rElec    .         Reflect  .   (cloak currently unavailable)
rCorr    .         Harm     .   (gloves unavailable)
MR       .....     NoTele   +   (boots unavailable)
Stlth    +++.......             h - amulet of inaccuracy (curse)
HPRegen  0.08/turn              (no ring)
MPRegen  0.11/turn              (no ring)

@: mighty, lethally poisoned (-1 -> -35), tree-form
A: very small, unfitting armour, see invisible, herbivore, slow metabolism 2
a: Curse Item, Renounce Religion


You were on level 3 of the Dungeon.
You worshipped Ashenzari.
Ashenzari was noncommittal.
You were not hungry.
You were a tree.
You visited 1 branch of the dungeon, and saw 3 of its levels.

You collected 90 gold pieces.

Inventory:

Hand Weapons
 a - a +2 dagger (weapon)
Missiles
 d - 12 poisoned darts
Armour
 b - a +0 robe
 j - a cursed -1 robe (melded)
Jewellery
 h - a cursed amulet of inaccuracy (around neck)
 G - an uncursed amulet of guardian spirit {Spirit}
Scrolls
 i - a scroll of identify
 t - a scroll of teleportation
Comestibles
 e - 5 rations


   Skills:
 - Level 1.1 Short Blades
 - Level 3.0 Dodging
 - Level 4.4 Stealth
 * Level 4.0 Spellcasting
 * Level 4.7 Hexes


You had one spell level left.
You knew the following spells:

 Your Spells              Type           Power        Failure   Level  Hunger
a - Ensorcelled Hibernat  Hex/Ice        ##....       9%          2    ##.....
b - Tukima's Dance        Hex            ###.....     7%          3    ###....
c - Confusing Touch       Hex            ###.....     7%          3    ###....
v - Corona                Hex            ###....      2%          1    None

Your spell library contained the following spells:

 Spells                   Type           Power        Failure   Level  Hunger
 Dazzling Flash           Conj/Hex       ##....       19%         3    ###....


Dungeon Overview and Level Annotations

Branches:
Dungeon (3/15)

Altars:
Ashenzari
Fedhas
Ru


Innate Abilities, Weirdness & Mutations

You are very small and have problems with some larger weapons.
You are too small for most types of armour.
You have supernaturally acute eyesight. (SInv)
You are a herbivore.
((You cover ground extremely quickly.))
You need to consume almost no food.


Message History

* * * LOW HITPOINT WARNING * * *
You feel sick. The adder barely misses you.
The gnoll hits you but does no damage. x2
You are more poisoned.
The rat bites you but does no damage. The gnoll hits you but does no damage.
The frilled lizard bites you but does no damage.
The adder bites you but does no damage. The gnoll hits you but does no damage.
You take 1 damage, and have 4/24 hp.
You miss the adder.
* * * LOW HITPOINT WARNING * * *
You feel sick. The gnoll hits you but does no damage.
The gnoll hits you with a +1 whip of venom.
* * * LOW HITPOINT WARNING * * *
You are more poisoned.
The rat bites you but does no damage. The gnoll hits you but does no damage.
The adder bites you but does no damage.
The frilled lizard bites you but does no damage.
You take 3 damage, and have 1/24 hp.
You miss the adder.
You die...

.. ... ....
######+######....
........r........
#..g♣l........
#..ggS....%...
#...g..###...
#......# #......+
#......###..
#............
#......###.##
#.#((#(#


You could see 4 gnolls, an adder, a frilled lizard and a rat.

Levels and vault maps discovered:
D:1:      dpeg_arrival_arbitrary_a, layout_basic, serial_glass, glass_columns_c,
          glass_columns_c, minmay_misc_feat_secret_circle
D:2:      layout_basic, fedhas_altar_fruit_tree, ashenzari_altar_1,
          overflow_temple_1_default, mrwooster_statue_mirror,
          palyth_stone_intersect
D:3:      layout_basic, gup_sewer_entry_spiral, first_ration,
          grunt_dithmenos_smoke, uniq_natasha, uniq_crazy_yiuf_cottage

Notes
Turn   | Place    | Note
-------+----------+-------------------------------------------
     0 | D:1      | lepoulpe303 the Spriggan Enchanter began the quest for the
                  | Orb.
     0 | D:1      | Reached XP level 1. HP: 9/9 MP: 5/5
    44 | D:1      | Identified a +0 club
    68 | D:1      | Reached skill level 3 in Spellcasting
   176 | D:1      | Identified a cursed +0 short sword
   196 | D:1      | Reached skill level 4 in Hexes
   223 | D:1      | Reached XP level 2. HP: 13/13 MP: 7/7
   227 | D:1      | Learned a level 2 spell: Ensorcelled Hibernation
   304 | D:1      | Identified a +0 club
   937 | D:1      | Identified a scroll of teleportation
   938 | D:1      | Identified a scroll of enchant weapon
   939 | D:1      | Identified a scroll of amnesia
  1171 | D:2      | Reached XP level 3. HP: 15/16 MP: 9/9
  1176 | D:2      | Learned a level 3 spell: Confusing Touch
  1194 | D:2      | Found a shattered altar of Ashenzari.
  1205 | D:2      | Identified a scroll of identify
  1205 | D:2      | Identified an amulet of guardian spirit (You found it on
                  | level 2 of the Dungeon)
  1206 | D:2      | Identified an amulet of inaccuracy (You found it on level 1
                  | of the Dungeon)
  1207 | D:2      | Became a worshipper of Ashenzari the Shackled
  1252 | D:2      | Identified a +0 whip
  1390 | D:2      | Found a sacrificial altar of Ru.
  1461 | D:2      | Identified a cursed -1 robe (You found it on level 2 of the
                  | Dungeon)
  1724 | D:2      | Identified a +0 scale mail
  1727 | D:2      | Reached skill level 4 in Spellcasting
  1732 | D:2      | Learned a level 3 spell: Tukima's Dance
  1760 | D:2      | Found a blossoming altar of Fedhas.
  1947 | D:2      | Identified a +0 robe
  2061 | D:3      | Identified a +0 spear
  2061 | D:3      | Identified a +0 club
  2063 | D:3      | Identified a +0 club
  2064 | D:3      | Identified a +1 short sword of venom
  2065 | D:3      | Identified a +1 whip of venom
  2073 | D:3      | HP: 4/16 [kobold/+1 short sword of venom (2)]
  2076 | D:3      | Identified a potion of lignification
  2076 | D:3      | HP: 1/24 [poisoned by a kobold]
  2077 | D:3      | Identified a potion of curing
  2081 | D:3      | HP: 6/24 [gnoll/+0 club (2)]
  2085 | D:3      | HP: 2/24 [adder (1)]
  2087 | D:3      | Identified a potion of ambrosia
  2088 | D:3      | Identified a potion of might
  2090 | D:3      | HP: 6/24 [gnoll/+0 club (3)]
  2096 | D:3      | HP: 5/24 [gnoll/+0 spear (3)]
  2098 | D:3      | HP: 2/24 [poisoned by a gnoll]
  2099 | D:3      | Succumbed to a gnoll's poison

Table legend:
 A = Turns spent in this place as a percentage of turns spent in the entire game.
 B = Non-inter-level travel turns spent in this place as a percentage of non-inter-level travel turns spent in the entire game.
 C = Inter-level travel turns spent in this place as a percentage of turns spent in this place.
 D = Turns resting spent in this place as a percentage of non-inter-level travel turns spent in this place.
 E = Turns spent auto-exploring this place as a percentage of non-inter-level travel turns spent in this place.
 F = Non-inter-level travel turns spent in this place divided by the number of levels of this place that you've seen.
                   A       B       C       D       E      F
               +-------+-------+-------+-------+-------+----------------------
         Total | 100.0 | 100.0 |   5.6 |  22.3 |  52.4 | 660.3
       Dungeon | 100.0 | 100.0 |   5.6 |  22.3 |  52.4 | 660.3
               +-------+-------+-------+-------+-------+----------------------

Table legend:
 A = Kills in this place as a percentage of kills in entire the game.
 B = Kills by you in this place as a percentage of kills by you in the entire game.
 C = Kills by friends in this place as a percentage of kills by friends in the entire game.
 D = Other kills in this place as a percentage of other kills in the entire game.
 E = Experience gained in this place as a percentage of experience gained in the entire game.
 F = Experience gained in this place divided by the number of levels of this place that you have seen.
                   A       B       C       D       E      F
               +-------+-------+-------+-------+-------+----------------------
         Total | 100.0 | 100.0 |   N/A |   N/A | 100.0 |  23.7
       Dungeon | 100.0 | 100.0 |   N/A |   N/A | 100.0 |  23.7
               +-------+-------+-------+-------+-------+----------------------

Skill      XL: |  1  2  3 |
---------------+----------+-----
Spellcasting   | 3 4 |  4.0
Hexes          | 4 |  4.7
Short Blades   | |  1.1
Dodging        | |  3.0
Stealth        | |  4.4

Action                   || total
-------------------------++-------
Melee: Dagger            ||   157
 Cast: Ensorcelled Hiber ||     4
  Use: Scroll            ||     4
       Potion            ||     4
 Stab: Sleeping          ||    16
Armor: Robe              ||    16
       Skin              ||    95
Dodge: Dodged            ||   173

Vanquished Creatures
  2 worms (D:2)
  2 dart slugs
  A leopard gecko (D:2)
  12 bats
  5 giant cockroaches
  3 hobgoblins
  4 kobolds
  A ball python (D:1)
  3 frilled lizards (D:1)
  7 rats
40 creatures vanquished.
